 Dungeon Crawl Stone Soup version 0.31.0-12-g77e489cdc1 (webtiles) character file.

Game seed: 3190815904894594652

777 ruxi the Trooper (level 7, -2/59 HPs)
             Began as a Barachi Monk on Feb 20, 2024.
             Was a Follower of Okawaru.
             Slain by an orc priest
             ... wielding a +0 flail
              (4 damage)
             ... on level 4 of the Dungeon.
             The game lasted 00:31:14 (3475 turns).

ruxi the Trooper (Barachi Monk)                     Turns: 3475, Time: 00:31:14

Health: -2/59      AC:  6    Str: 14    XL:     7   Next: 84%
Magic:  8/8        EV:  8    Int: 11    God:    Okawaru [*.....]
Gold:   208        SH: 13    Dex: 14    Spells: 6/6 levels left

rFire   . . .        a - +0 short sword
rCold   . . .        r - +0 tower shield
rNeg    . . .        e - +0 ring mail
rPois   .            f - +0 helmet
rElec   .            (no cloak)
rCorr   .            (no gloves)
SInv    .            (no boots)
Will    +....        (no amulet)
Stlth   +            (no ring)
HPRegen 0.29/turn    (no ring)
MPRegen 0.11/turn

%: no passive effects
@: attractive, enlightened, flying, hasted, quick
A: amphibious, slowness 1, strong legs 1, +LOS
a: Hop, Renounce Religion, Heroism


You were on level 4 of the Dungeon.
You worshipped Okawaru.
Okawaru was aware of your devotion.
You visited 2 branches of the dungeon, and saw 7 of its levels.

You collected 208 gold pieces.

Inventory:

Hand Weapons
 a - a +0 short sword (weapon)
 b - a +0 shortbow
 p - a +0 quarterstaff
Missiles
 h - 47 stones (quivered)
 s - 5 curare-tipped darts
 A - 5 javelins
Armour
 d - an orb of light
 e - a +0 ring mail (worn)
 f - a +0 helmet (worn)
 r - a +0 tower shield (worn)
 x - the +1 robe of the Teacher {rC+ Archmagi}
   (You found it on level 6 of the Dungeon)

   rC+:       It protects you from cold.
   Archmagi:  It increases the power of your magical spells.
Wands
 v - a wand of iceblast (10)
Scrolls
 j - 2 scrolls of enchant armour {unknown}
 l - a scroll of blinking {unknown}
 n - 8 scrolls of identify {unknown}
 o - a scroll of revelation {unknown}
 t - a scroll of noise {unknown}
 u - a scroll of fear {unknown}
 w - 2 scrolls of teleportation {unknown}
 y - a scroll of enchant weapon {unknown}
 B - 4 scrolls of fog {unknown}
 C - a scroll of poison {unknown}
Potions
 c - 3 potions of ambrosia
 g - 2 potions of cancellation
 i - 3 potions of curing
 k - a potion of attraction
 m - a potion of enlightenment
 q - a potion of haste
 z - a potion of mutation {unknown}
 D - a potion of heal wounds {unknown}


   Skills:
 - Level 6.3 Fighting
 + Level 4.9 Short Blades
 - Level 2.1 Armour
 - Level 4.1 Dodging
 - Level 1.0 Stealth
 - Level 5.0 Shields
 + Level 2.0 Invocations


You had 6 spell levels left.
You didn't know any spells.
Your spell library contained the following spells:

 Spells                   Type           Power      Damage    Failure   Level
 Blink                    Tloc           0%         N/A       100%        2
 Cigotuvi's Dreadful Rot  Necr/Alch/Air  0%         N/A       100%        2
 Ensorcelled Hibernation  Hex/Ice        0%         N/A       100%        2
 Lesser Beckoning         Tloc           0%         N/A       100%        2
 Momentum Strike          Conj/Tloc      0%         3d8       100%        2
 Passwall                 Erth           0%         N/A       100%        3
 Swiftness                Air            0%         N/A       100%        3
 Volatile Blastmotes      Fire/Tloc      0%         2d10      100%        3
 Fulminant Prism          Conj/Alch      0%         3d5       100%        4
 Ignite Poison            Fire/Alch      0%         N/A       100%        4
 Iskenderun's Mystic Bla  Conj/Tloc      0%         2d3       100%        4
 Vhi's Electric Charge    Tloc/Air       0%         N/A       100%        4
 Arcjolt                  Conj/Air       0%         1d10      100%        5
 Freezing Cloud           Conj/Ice/Air   0%         6-21      100%        5
 Maxwell's Capacitive Co  Air            0%         ∞         100%        8


Dungeon Overview and Level Annotations

Branches:
Dungeon (6/15)             Temple (1/1) D:4

Altars:
Ashenzari
Dithmenos
Elyvilon
Gozag
Kikubaaqudgha
Makhleb
Nemelex Xobeh
Okawaru
Trog
Uskayaw
Vehumet
Wu Jian
Xom
Yredelemnul
The Shining One

Annotations:
D:4 1 runed translucent door


Innate Abilities, Weirdness & Mutations

You are amphibious.
You cover ground slowly.
You can hop short distances.
You have an extended range of vision and can be seen from far away.


Message History

Okawaru accepts your kill.
There is a stone staircase leading down here.
You climb downwards.
You block the orc priest's attack.
There is a stone staircase leading up, spattered with blood here.
The orc priest closely misses you.
You climb upwards.
Level annotation: 1 runed translucent door
There is a stone staircase leading down here.
You hit the orc priest.
The orc priest is moderately wounded.
The orc priest hits you with a +0 flail. x2
You hit the orc priest but do no damage.
The orc priest is moderately wounded.
You block the orc priest's attack.
The orc priest hits you with a +0 flail!
You hit the orc priest.
The orc priest is heavily wounded.
You block the orc priest's attack. The orc priest closely misses you.
The orc priest hits you with a +0 flail.
You closely miss the orc priest.
The orc priest is heavily wounded.
The orc priest hits you with a +0 flail.
The orc priest invokes the aid of Beogh against you.
Pain shoots through your body!
* * * LOW HITPOINT WARNING * * *
The orc priest hits you with a +0 flail!
* * * LOW HITPOINT WARNING * * *
It was a potion of attraction.
You feel attractive to monsters.
The orc priest hits you but does no damage.
You block the orc priest's attack.
It was a potion of enlightenment.
You feel very buoyant.
You fly up into the air.
The orc priest looks satisfied for a moment.
The orc priest closely misses you.
It was a potion of haste.
You feel yourself speed up. You block the orc priest's attack.
The orc priest hits you with a +0 flail.
You die...

##.....................#...
#.................#....#...
###..<........##..##..####.
##........##.#### #.## #..
#....###...##### ##.#####.
##...###.....#.###.>.#..#.
#...##.................##
##..##...)...#............
###[..##..o@...#......≈≈≈≈≈.
###...........o..#....≈≈≈≈≈≈≈≈
#.....#..........#..≈≈≈≈≈≈≈≈≈≈
##.....#............≈≈≈≈≈≈...≈≈
#......#.......#...........>.≈≈
###.............#....≈≈≈≈≈≈...≈≈
#....................≈≈≈≈≈≈≈≈≈≈≈
###.##......#...##....≈≈≈≈≈≈≈≈≈≈
## #####..............≈≈≈≈≈≈≈≈


You could see 2 orc priests.

Vanquished Creatures
  A black bear (D:6)
  A centaur (D:5)
  3 phantoms
  A scorpion (D:5)
  A howler monkey (D:4)
  4 hounds
  An iguana (D:6)
  A sleepcap (D:5)
  3 adders
  A shadow imp (D:5)
  A white imp (D:5)
  2 dart slugs (D:1)
  5 ribbon worms
  2 orcs
  4 ball pythons
  7 bats
  7 endoplasms
  3 giant cockroaches
  13 goblins
  4 hobgoblins
  4 quokkas
  3 kobolds
  4 rats (D:1)
76 creatures vanquished.

Notes
Turn   | Place    | Note
-------+----------+-------------------------------------------
     0 | D:1      | ruxi the Barachi Monk began the quest for the Orb.
     0 | D:1      | Reached XP level 1. HP: 18/18 MP: 1/1
   107 | D:1      | Reached skill level 4 in Fighting
   114 | D:1      | Reached XP level 2. HP: 19/25 MP: 2/2
   433 | D:2      | Reached XP level 3. HP: 29/30 MP: 3/3
   637 | D:4      | Noticed a human
   637 | D:4      | Found a runed translucent door.
   647 | D:4      | Found a basalt altar of Yredelemnul.
   904 | D:1      | Reached skill level 1 in Armour
  1050 | D:3      | Reached skill level 1 in Stealth
  1115 | D:3      | Found a faded altar of an unknown god.
  1184 | D:3      | You fall into a shaft and drop 3 floors!
  1225 | D:6      | Noticed a phantom
  1263 | D:6      | Killed a phantom
  1264 | D:6      | Reached skill level 5 in Fighting
  1264 | D:6      | Reached XP level 4. HP: 24/39 MP: 4/4
  1264 | D:6      | Reached XP level 5. HP: 28/44 MP: 5/5
  1331 | D:6      | Found an ornate altar of the Wu Jian Council.
  1341 | D:6      | Identified the +1 robe of the Teacher {rC+ Archmagi}
  1360 | D:5      | Entered Level 5 of the Dungeon
  1394 | D:5      | Noticed a phantom
  1437 | D:6      | Killed a phantom
  1438 | D:6      | Reached XP level 6. HP: 28/51 MP: 6/6
  1453 | D:6      | Noticed a black bear
  1458 | D:6      | Killed a black bear
  1581 | D:6      | Noticed an ice beast
  1708 | D:5      | Reached skill level 6 in Fighting
  1708 | D:5      | Reached XP level 7. HP: 37/59 MP: 7/7
  1931 | D:5      | Found an ancient bone altar of Kikubaaqudgha.
  2008 | D:5      | Reached skill level 5 in Shields
  2106 | D:4      | Found a staircase to the Ecumenical Temple.
  2115 | Temple   | Entered the Ecumenical Temple
  2121 | Temple   | Became a worshipper of Warmaster Okawaru
  2121 | Temple   | Reached * piety under Okawaru
  2121 | Temple   | Reached ** piety under Okawaru
  2390 | D:3      | Found a radiant altar of Vehumet.
  2704 | D:3      | Reached skill level 1 in Invocations
  3302 | D:4      | Found a hide-covered altar of Uskayaw.
  3472 | D:4      | HP: 1/59 [orc priest/+0 flail (8)]
  3475 | D:4      | Slain by an orc priest

Illustrated notes

Levels and vault maps discovered:
D:1:      ncdulo_smallfort, layout_basic
D:2:      layout_rooms, grunt_ministairs_6
D:3:      layout_loops_ring, mainiacjoe_overflow_brackets,
          shapermc_ecumenical_altar_starsandcircs, grunt_ministairs_5
D:4:      layout_cave_pools, eat_drink_and_be_merry_uskayaw,
          dk_yredelemnul_ordeal, temple_pool_b
D:5:      layout_basic, slow_altar_1, mainiacjoe_overflow_24_doors
D:6:      layout_basic, nicolae_qazlal_general_emergency,
          nicolae_wu_jian_immortal_techniques, serial_shops,
          nicolae_shop_gaudy_bauble, uniq_menkaure, uniq_edmund
Temple:   hellmonk_temple_rainy

Skill      XL: |  1  2  3  4  5  6  7 |
---------------+----------------------+-----
Fighting       | 4 5 6 |  6.3
Short Blades   | 4 |  4.9
Armour         | 1 2 |  2.1
Stealth        | 1 |  1.0
Shields        | 2 3 4 5 |  5.0
Dodging        | 4 |  4.1
Invocations    | 2 |  2.0

Action                     |  1- 3 |  4- 6 |  7- 9 || total
---------------------------+-------+-------+-------++-------
  Melee: Short sword       |   232 |   107 |   335 ||   674
  Throw: Stone             |       |     3 |     2 ||     5
         Dart              |       |     4 |       ||     4
 Invoke: Heroism           |       |       |     2 ||     2
Ability: Hop               |       |     1 |     1 ||     2
    Use: Potion            |       |     2 |     3 ||     5
 Armour: Robe              |    18 |       |       ||    18
         Ring mail         |   127 |    65 |   168 ||   360
  Dodge: Dodged            |   120 |    30 |    85 ||   235
  Block: Tower shield      |    26 |    84 |   243 ||   353
